Map: Newkirk Precinct TE (Void)

Players

Loken - Winner!

  • Race: Protoss Protoss
  • League: Platinum
  • Spawn Location: 5:00

Fimp

  • Race: Terran Terran
  • Spawn Location: 7:00

VOD

Have the link to the VOD?

Description

Time

  • Played on: April 12, 2017, 3:57 p.m.
  • Length: 7:37
Show
View Real Time Build Order
Export as new Build Order

Loken Protoss - Winner!

Build Orders: 1 Gate Expand 

Get SALT Encoding   

  12  0:01  Probe (Chrono Boost)  
  13  0:11  Probe (Chrono Boost)  
  14  0:19  Pylon  
  14  0:22  Probe (Chrono Boost)  
  15  0:38  Probe (Chrono Boost)  
  15  0:39  Gateway  
  16  0:48  Probe (Chrono Boost)  
  17  0:59  Probe (Chrono Boost)  
  18  1:12  Probe (Chrono Boost)  
  18  1:17  Nexus  
  19  1:26  Cybernetics Core  
  19  1:32  Assimilator  
  19  1:38  Assimilator  
  20  1:40  Probe (Chrono Boost)  
  20  1:50  Probe (Chrono Boost)  
  21  1:59  Pylon  
  21  2:01  Probe (Chrono Boost)  
  22  2:12  Probe (Chrono Boost)  
  22  2:24  Mothership Core (Chrono Boost)  
  25  2:30  Probe (Chrono Boost)  
  25  2:33  Adept  
  27  2:38  Gateway  
  27  2:40  Probe (Chrono Boost)  
  28  2:48  Gateway  
  28  2:49  Gateway  
  28  2:58  Pylon  
  28  3:01  Probe (Chrono Boost)  
  29  3:08  Warp Gate  
  29  3:14  Probe (Chrono Boost)  
  30  3:26  Stargate  
  30  3:32  Probe (Chrono Boost)  
  30  3:34  Probe (Chrono Boost)  
  32  3:39  Adept x3  
  38  3:43  Probe (Chrono Boost)  
  38  3:44  Adept, Probe (Chrono Boost)  
  42  4:16  Oracle  
  45  4:20  Zealot  
  45  4:21  Zealot x3  
  45  4:23  Probe (Chrono Boost)  
  52  4:25  Assimilator  
  52  4:30  Assimilator  
  52  4:32  Pylon  
  52  4:33  Probe (Chrono Boost)  
  52  4:34  Pylon  
  52  4:38  Probe (Chrono Boost)  
  54  4:50  Probe (Chrono Boost)  
  55  5:00  Void Ray  
  59  5:09  Probe (Chrono Boost)  
  59  5:11  Probe (Chrono Boost)  
  61  5:15  Adept  
  61  5:16  Adept x3  
  61  5:20  Probe (Chrono Boost)  
  70  5:50  Pylon  
  70  5:55  Pylon  
  70  5:56  Pylon  
  70  6:03  Gateway  
  70  6:04  Gateway  
  70  6:08  Probe x2 (Chrono Boost), Twilight Council, Void Ray  
  76  6:13  Pylon  
  76  6:15  Pylon  
  76  6:19  Probe x2 (Chrono Boost)  
  70  6:47  Adept x2  
  70  6:48  Adept x2  
Show
View Real Time Build Order
Export as new Build Order

Fimp Terran 

Build Orders: Reaper Expand, MMM Bio 

Get SALT Encoding   

  12  0:01  SCV  
  13  0:13  SCV  
  14  0:19  Supply Depot  
  14  0:25  SCV  
  15  0:41  SCV, Barracks  
  16  0:46  Refinery  
  16  0:53  SCV  
  17  1:05  SCV  
  18  1:17  SCV  
  19  1:29  Orbital Command  
  19  1:31  Reaper  
  20  1:48  Command Center  
  20  1:56  SCV  
  21  2:13  SCV  
  21  2:15  Barracks Reactor  
  22  2:20  Barracks  
  22  2:23  Barracks  
  22  2:29  SCV  
  23  2:44  Supply Depot  
  23  2:58  Supply Depot  
  23  3:00  SCV, Marine x2  
  23  3:01  Orbital Command  
  26  3:13  Barracks Tech Lab  
  26  3:19  Marine x2  
  26  3:20  Marine  
  28  3:27  Bunker  
  28  3:28  SCV  
  29  3:34  Stimpack  
  29  3:35  Marauder  
  31  3:43  Engineering Bay  
  31  3:44  SCV  
  31  3:46  SCV  
  33  3:54  Marine x3  
  36  3:56  SCV  
  36  3:58  SCV  
  36  4:02  Marauder  
  38  4:19  Marine  
  38  4:20  Marine x2  
  40  4:31  SCV x2  
  42  4:41  Marine  
  42  4:42  Marauder, Marine x2  
  47  4:59  Factory  
  47  5:02  Supply Depot  
  47  5:08  Marauder, Marine x3  
  48  5:34  Combat Shields  
  44  5:39  SCV x2  
  44  5:40  Marine x2  
  44  5:41  Marine x2  
  48  5:52  Missile Turret  
  48  5:55  Missile Turret  
  48  5:58  Marine  
  49  6:06  Missile Turret  
  49  6:10  SCV x2  
  49  6:22  SCV  
  49  6:24  Marine  
  46  6:30  Marine x2  
  46  6:32  Marauder  
  38  6:43  Refinery  
  38  6:45  Refinery  
  38  6:49  Marine x3  
  41  7:01  Marine, Command Center  
  42  7:02  Missile Turret  
Tags
 
Add a new tag
Caveats
  • Supply blocks, unpowered buildings, or Contaminate may cause inaccurate times.
  • Supply counts are checked every 10 seconds.